Construct Weapon Support Center
Selects Airborne Battlegroup
Selects Airborne Battlegroup
Selects Airborne Battlegroup
Selects Heavy Machine Gun Paradrop
Heavy Machine Gun Paradrop
M3 Armored Personnel Carrier
Construct Medical Station
Selects Paratrooper Squad Paradrop
Selects Anti-tank Gun Team Paradrop
Selects Carpet Bombing Run
M18 Hellcat Tank Destroyer
M1918 Browning Automatic Rifles
M18 Hellcat Tank Destroyer
M4(105) Sherman Bulldozer
M18 Hellcat Tank Destroyer
M18 Hellcat Tank Destroyer